 Dungeon Crawl Stone Soup version 0.25.0-11-g1f837a76a1 (webtiles) character file.

Game seed: 12377459923292789693

29367 Esekla the Cutter (level 13, -7/119 HPs)
             Began as a Deep Dwarf Chaos Knight on June 26, 2020.
             Was a High Priest of Makhleb.
             Mangled by a water elemental (17 damage)
             ... on level 13 of the Dungeon.
             The game lasted 03:09:07 (15804 turns).

Esekla the Cutter (Deep Dwarf Chaos Knight)        Turns: 15804, Time: 03:09:08

Health: -7/119     AC: 11    Str: 27    XL:     13   Next: 14%
Magic:  26/26 (17) EV: 13    Int: 14    God:    Makhleb [*****.]
Gold:   219        SH:  6    Dex:  7    Spells: 9/27 levels left

rFire    + . .     SeeInvis +   f - +4 scimitar (flame)
rCold    . . .     Gourm    .   o - +1 buckler
rNeg     + . .     Faith    .   N - +3 troll leather armour {Snorg}
rPois    .         Spirit   .   L - +0 helmet
rElec    .         Reflect  .   (no cloak)
rCorr    .         Harm     .   e - +1 pair of gloves
MR       +....                  (no boots)
Stlth    +++.......             K - amulet of magic regeneration
HPRegen  0.00/turn              E - ring "Diley" {rF+ rN+ Str+7 Dex-5 SInv}
MPRegen  0.45/turn              b - ring of magical power

@: engulfed (cannot breathe), non-regenerating
A: damage resistance, heal wounds, claws 1, mutation resistance 1, sense
surroundings 2, robust 1, no regeneration
a: Heal Wounds, Minor Destruction, Lesser Servant of Makhleb, Major Destruction,
Greater Servant of Makhleb, Renounce Religion


You were on level 13 of the Dungeon.
You worshipped Makhleb.
Makhleb was extremely pleased with you.
You were very hungry.

You visited 4 branches of the dungeon, and saw 17 of its levels.
You also visited: Sewer and Bailey.

You collected 934 gold pieces.
You spent 715 gold pieces at shops.

Inventory:

Hand Weapons
 a - a +3 hand axe of freezing
 d - a +0 dagger of electrocution
 f - a +4 scimitar of flaming (weapon)
 t - a +1 trident of venom
 v - a +3 short sword of venom
 x - the +6 mace "Biklia" {vorpal, Stlth+}
   (You found it on level 5 of the Dungeon)

   It inflicts extra damage upon your enemies.
   It makes you more stealthy.
Missiles
 p - 36 poisoned darts (quivered)
 y - 3 javelins
Armour
 e - a +1 pair of gloves (worn)
 h - the +1 robe of the Okapi {Regen+ Slay+2}
   (You found it on level 10 of the Dungeon)

   It affects your accuracy and damage with ranged weapons and melee attacks
   (+2).
   It increases your rate of regeneration.
 i - a +0 pair of gloves
 o - a +1 buckler (worn)
 q - a +3 chain mail of cold resistance
 L - a +0 helmet (worn)
 N - a +3 troll leather armour (worn) {Snorg}
Jewellery
 b - a ring of magical power (right hand)
 r - an uncursed amulet of regeneration {unknown}
 A - an uncursed ring of stealth
 D - an uncursed amulet of the acrobat
 E - the ring "Diley" (left hand) {rF+ rN+ Str+7 Dex-5 SInv}
   (You found it on level 1 of the Lair of Beasts)

   [ring of protection from fire]

   It affects your strength (+7).
   It affects your dexterity (-5).
   It protects you from fire.
   It protects you from negative energy.
   It lets you see invisible.
 K - an amulet of magic regeneration (around neck)
 P - an uncursed ring of see invisible
Wands
 w - a wand of disintegration (9)
 F - a wand of iceblast (7)
 J - a wand of acid (11)
 M - a wand of digging (3)
 Q - a wand of random effects (18)
Scrolls
 j - 5 scrolls of fog
 k - 3 scrolls of magic mapping
 l - a scroll of fear
 m - 2 scrolls of teleportation
 B - 6 scrolls of enchant weapon
 C - 7 scrolls of remove curse
 G - 3 scrolls of identify
 H - 4 scrolls of amnesia
Potions
 g - 6 potions of flight
 n - 2 potions of stabbing
 s - a potion of haste
 u - 4 potions of mutation
 z - 8 potions of curing
 I - 2 potions of might
 O - a potion of cancellation
Comestibles
 c - 31 rations


   Skills:
 + Level 5.3 Fighting
 + Level 7.9 Short Blades
 + Level 6.8(7.2) Axes
 - Level 3.1(5.1) Maces & Flails
 + Level 2.1 Throwing
 - Level 5.2 Armour
 - Level 6.4 Dodging
 + Level 6.3 Stealth
 - Level 7.8 Shields
 + Level 7.8 Spellcasting
 * Level 0.5 Conjurations
 + Level 5.4 Charms
 * Level 2.5 Summonings
 * Level 6.0 Necromancy
 * Level 7.3 Ice Magic
 * Level 1.6 Air Magic
 * Level 0.2 Poison Magic
 + Level 0.1 Invocations
 + Level 0.6 Evocations


You had 9 spell levels left.
You knew the following spells:

 Your Spells              Type           Power        Failure   Level  Hunger
a - Ozocubu's Armour      Chrm/Ice       ###.....     3%          3    ##.....
c - Mephitic Cloud        Conj/Pois/Air  #.......     30%         3    ##.....
d - Vampiric Draining     Necr           ###.......   3%          3    ##.....
r - Frozen Ramparts       Ice            ####..       2%          3    ##.....
s - Summon Lightning Spi  Summ/Air       ##......     52%         4    ####...
v - Poisonous Vapours     Pois/Air       #.....       14%         2    None

Your spell library contained the following spells:

 Spells                   Type           Power        Failure   Level  Hunger
 Animate Skeleton         Necr           N/A          1%          1    None
 Freeze                   Ice            ####         1%          1    None
 Pain                     Necr           ###.         1%          1    None
 Summon Small Mammal      Summ           ##..         5%          1    None
 Call Imp                 Summ           ##......     8%          2    None
 Animate Dead             Necr           N/A          12%         4    ####...
 Sandblast                Erth           #.....       14%         1    None
 Call Canine Familiar     Summ           ##......     16%         3    ##.....
 Summon Ice Beast         Ice/Summ       ###.....     19%         4    ####...
 Passwall                 Tmut/Erth      #.......     22%         2    None
 Summon Guardian Golem    Hex/Summ       #.......     26%         3    ##.....
 Hailstorm                Conj/Ice       ###.....     28%         4    ####...
 Agony                    Necr           ###.....     32%         5    #####..
 Conjure Flame            Conj/Fire      #.......     36%         3    ##.....
 Stone Arrow              Conj/Erth      #.....       36%         3    ##.....
 Petrify                  Tmut/Erth      #.......     82%         4    ####...
 Lee's Rapid Deconstruct  Erth           #.........   99%         5    #####..
 Freezing Cloud           Conj/Ice/Air   ##........   99%         6    #######
 Ring of Flames           Chrm/Fire      ##........   100%        7    #######


Dungeon Overview and Level Annotations

Branches:
Dungeon (13/15)            Temple (1/1) D:6            Lair (1/6) D:8
    Orc (2/2) D:11          Sewer (visited)          Bailey (visited)
    Elf: Orc:2       Vaults: D:13-14

Altars:
Ashenzari
Cheibriados
Fedhas
Gozag
Hepliaklqana
Kikubaaqudgha
Makhleb
Nemelex Xobeh
Okawaru
Ru
Sif Muna
Trog
Uskayaw
Vehumet
Xom
Yredelemnul
The Shining One
Beogh

Shops:
D:6 %   D:8 *   D:10 :   D:12 =   Orc:1 }


Innate Abilities, Weirdness & Mutations

You are resistant to damage.
You can heal yourself by infusing magical energy.
You passively map the area around you.
You do not regenerate.
You have sharp fingernails.
You are somewhat resistant to further mutation.
You are robust. (+10% HP)


Message History

* * * LOW HITPOINT WARNING * * *
Your lungs strain for air!
The water elemental barely misses you.
You hit the water elemental. You burn the water elemental.
The water elemental is severely damaged.
* * * LOW HITPOINT WARNING * * *
Your lungs strain for air!
You block the water elemental's attack.
You barely miss the water elemental.
The water elemental is severely damaged.
* * * LOW HITPOINT WARNING * * *
Your lungs strain for air!
The water elemental closely misses you.
You riposte.
You barely miss the water elemental.
The water elemental is severely damaged.
You feel much better.
* * * LOW HITPOINT WARNING * * *
Your lungs strain for air!
The water elemental hits you!!
You die...

##.......#..#....#.############
########.#..#.................# #
≈## #.#....................###
≈≈######.#..#....†.......|.......
≈≈#..............................
≈≈#.####.#..#..###.#########.....
≈≈#.# #.#.....# #...............
≈≈#.# #..<.^.#############.#####
≈≈#.########≈≈##@........##.#
≈≈.>.......≈≈≈≈..E.......'..#* ##
≈≈####.###≈≈≈≈≈≈.........##.# ≈≈#
≈≈≈###.##≈≈≈≈≈≈≈.........##.#≈≈≈≈
≈≈≈≈##.#≈≈≈≈≈≈≈≈.........##≈≈≈≈≈≈
≈≈≈≈##.#≈≈≈≈≈≈≈≈..........≈≈≈≈≈≈≈
≈≈≈≈##.#≈≈≈≈≈≈≈≈.........≈≈;≈≈≈≈≈
≈≈≈≈##.#≈≈≈≈≈≈≈≈.........≈≈≈≈≈≈≈≈
≈≈≈≈##.# ≈≈≈≈≈≈≈######.≈≈≈≈≈≈≈≈≈≈


You could see a water elemental.

Vanquished Creatures
  Snorg (D:11)
  7 two-headed ogres
  2 unseen horrors
  Pikel (D:7)
  2 orc knights
  3 orc sorcerers
  A cyclops (D:12)
  2 gargoyles
  3 spiny frogs (Lair:1)
  An efreet (D:13)
  A troll (D:9)
  2 hornets
  5 slime creatures (D:12)
  4 hippogriffs
  2 wyverns
  A spriggan (D:7)
  A shadow (D:13)
  A water elemental (D:13)
  44 yaks
  A basilisk (D:11)
  4 hungry ghosts
  4 wargs
  Menkaure (D:6)
  2 acid dragons
  2 water moccasins
  Duvessa (D:4)
  17 orc warriors
  4 ice beasts
  2 slaves
  A hornet zombie (D:10)
  A sky beast (D:8)
  A black bear (D:12)
  A phantom (D:5)
  5 centaurs
  An eye of draining (D:10)
  7 ogres
  4 crocodiles (Lair:1)
  8 bullfrogs
  Dowan (D:4)
  A water moccasin zombie (D:10)
  2 wyvern skeletons
  4 scorpions
  3 killer bees (D:11)
  3 howler monkeys
  5 wights (D:10)
  4 electric eels
  3 crimson imps
  A bullfrog zombie (D:7)
  A quasit (D:8)
  2 centaur zombies
  6 hounds
  6 jellies
  16 orc wizards
  8 orc priests
  2 centaur skeletons
  3 bullfrog skeletons
  5 iguanas
  11 worker ants
  A mummy (D:8)
  A howler monkey zombie (D:5)
  Robin (D:2)
  10 gnolls
  10 adders
  2 howler monkey skeletons
  2 river rats (D:6)
  2 shadow imps
  An ooze (D:1)
  An adder skeleton (D:8)
  5 worms
  A dart slug (D:1)
  3 leopard geckos
  60 orcs
  8 ball pythons
  6 giant cockroaches
  29 goblins
  13 hobgoblins
  25 jackals
  12 kobolds
  3 quokkas
  8 bats
  12 frilled lizards
  8 rats
  3 plants (Sewer)
465 creatures vanquished.

Vanquished Creatures (collateral kills)
  A water moccasin (D:5)
  An orc wizard (D:5)
2 creatures vanquished.

Vanquished Creatures (others)
  A goblin (D:2)
  2 toadstools (D:1)
3 creatures vanquished.

Grand Total: 470 creatures vanquished

Notes
Turn   | Place    | Note
-------+----------+-------------------------------------------
     0 | D:1      | Esekla the Deep Dwarf Chaos Knight began the quest for the
                  | Orb.
     0 | D:1      | Reached XP level 1. HP: 20/20 MP: 1/1
   159 | D:2      | Noticed Robin
   162 | D:1      | Reached XP level 2. HP: 22/27 MP: 2/2
   191 | D:2      | Killed Robin
   223 | D:2      | XOM: silly message
   237 | D:2      | Reached XP level 3. HP: 23/33 MP: 3/3
   244 | D:2      | XOM: divination: magic mapping
   249 | D:2      | Found a hide-covered altar of Uskayaw.
   336 | D:2      | XOM: divination: detect creatures
   686 | D:2      | Reached XP level 4. HP: 19/40 MP: 4/4
   693 | D:3      | Found a faded altar of an unknown god.
   737 | D:3      | Found a bloodstained altar of Trog.
   774 | D:3      | XOM: cast spell 'Call Canine Familiar'
  1088 | D:4      | Reached skill level 5 in Axes
  1100 | D:4      | Noticed Dowan
  1101 | D:4      | Noticed Duvessa
  1114 | D:5      | Entered Level 5 of the Dungeon
  1124 | D:5      | XOM: potion effect (brilliance)
  1126 | D:5      | Reached skill level 1 in Short Blades
  1126 | D:5      | Reached XP level 5. HP: 40/49 MP: 5/5
  1159 | D:5      | Reached skill level 1 in Shields
  1213 | D:5      | Noticed Ijyb
  1220 | D:5      | Noticed a phantom
  1242 | D:4      | Reached XP level 6. HP: 20/56 MP: 5/5
  1293 | D:4      | XOM: silly message
  1362 | D:4      | Reached skill level 1 in Stealth
  1385 | D:5      | Noticed Ijyb
  1385 | D:5      | Ijyb changed into Ijyb the iguana
  1385 | D:5      | XOM: polymorph Ijyb -> Ijyb the iguana
  1392 | D:5      | Killed Ijyb the iguana
  1409 | D:5      | XOM: scenery: create altars
  1414 | D:5      | Got a pitted mace
  1415 | D:5      | Identified the +6 mace "Biklia" {vorpal, Stlth+} (You found
                  | it on level 5 of the Dungeon)
  1428 | D:5      | XOM: give mutations
  1428 | D:5      | Gained mutation: You are agile. (Dex +2) [Xom's grace]
  1428 | D:5      | Gained mutation: You have a pair of small horns on your
                  | head. [Xom's grace]
  1428 | D:5      | Gained mutation: You have sharp fingernails. [Xom's grace]
  1456 | D:5      | Noticed a water moccasin
  1468 | D:5      | Killed a water moccasin
  1468 | D:5      | Reached XP level 7. HP: 20/62 MP: 5/5
  1497 | D:5      | Found a sparkling altar of Nemelex Xobeh.
  1826 | D:6      | Found a staircase to the Ecumenical Temple.
  1843 | D:6      | XOM: summons 1 hostile demon
  1849 | D:6      | XOM: fog
  1887 | Temple   | Entered the Ecumenical Temple
  1897 | Temple   | Fell from the grace of Xom
  1897 | Temple   | Became a worshipper of Makhleb the Destroyer
  2050 | D:6      | Found Soebos's Food Shop.
  2051 | D:6      | XOM: stat loss: -3 Int (9/12)
  2177 | D:6      | Found a glowing drain.
  2230 | Sewer    | Entered a sewer
  2323 | Sewer    | XOM: noise
  2468 | Sewer    | Reached * piety under Makhleb
  2926 | D:6      | XOM: summons 3 hostile demons
  3041 | D:3      | You fall into a shaft and drop 3 floors!
  3183 | D:3      | Found a glowing golden altar of the Shining One.
  3346 | D:2      | XOM: stat loss: -2 Dex (11/14)
  3474 | D:2      | Found an ancient bone altar of Kikubaaqudgha.
  3474 | D:2      | Found a radiant altar of Vehumet.
  3481 | D:2      | Found an opulent altar of Gozag.
  3483 | D:2      | Found a faded altar of an unknown god.
  3497 | D:2      | Found a faded altar of an unknown god.
  3718 | D:1      | XOM: give mutation
  3718 | D:1      | Gained mutation: You are partially covered in slimy green
                  | scales. (AC +2) [Xom's mischief]
  3759 | D:1      | XOM: polymorph giant cockroach -> worker ant
  3938 | D:1      | XOM: scenery: create altars
  3984 | D:1      | XOM: summons 2 hostile shadow creatures
  4385 | D:3      | XOM: give mutations
  4385 | D:3      | Gained mutation: You are frail. (-10% HP) [Xom's mischief]
  4385 | D:3      | Gained mutation: Your body sometimes deteriorates upon
                  | taking damage. [Xom's mischief]
  4385 | D:3      | Gained mutation: You occasionally shout uncontrollably at
                  | your foes. [Xom's mischief]
  4466 | D:4      | Reached XP level 8. HP: 63/63 MP: 6/6
  4548 | D:4      | XOM: summons 5 hostile demons
  4734 | D:4      | XOM: enchant monster (good)
  4743 | D:4      | Killed Duvessa
  4743 | D:4      | Reached skill level 5 in Dodging
  4755 | D:4      | Killed Dowan
  4755 | D:4      | Reached ** piety under Makhleb
  4873 | D:4      | Found a basalt altar of Yredelemnul.
  4873 | D:4      | Found an iron altar of Okawaru.
  5179 | D:6      | Noticed Menkaure
  5193 | D:6      | Killed Menkaure
  5195 | D:6      | XOM: summons 1 hostile demon
  5281 | D:6      | XOM: cloud trail
  5435 | D:6      | Reached skill level 5 in Armour
  5499 | D:7      | Reached skill level 1 in Maces & Flails
  5640 | D:7      | Gained mutation: You passively map the area around you.
                  | [Deep Dwarf growth]
  5640 | D:7      | Reached XP level 9. HP: 23/70 MP: 7/7
  5648 | D:7      | Noticed Pikel
  5690 | D:6      | Learned a level 3 spell: Frozen Ramparts
  5694 | D:6      | Learned a level 3 spell: Ozocubu's Armour
  5906 | D:7      | Killed Pikel
  5906 | D:7      | Reached skill level 5 in Short Blades
  5906 | D:7      | Reached skill level 1 in Charms
  5906 | D:7      | Reached skill level 1 in Ice Magic
  5983 | D:7      | Reached skill level 1 in Spellcasting
  6025 | D:7      | XOM: summons 2 hostile shadow creatures
  6104 | D:8      | Found a snail-covered altar of Cheibriados.
  6231 | D:8      | Found a shattered altar of Ashenzari.
  6243 | D:8      | Found a flagged portal.
  6248 | Bailey   | Entered a bailey
  6310 | Bailey   | Found an iron altar of Okawaru.
  6310 | Bailey   | Noticed an orc sorcerer
  6310 | Bailey   | Noticed an orc sorcerer
  6315 | Bailey   | Paralysed by an orc sorcerer for 4 turns
  6324 | Bailey   | Killed an orc sorcerer
  6324 | Bailey   | Reached skill level 5 in Shields
  6328 | Bailey   | Killed an orc sorcerer
  6394 | Bailey   | Lost mutation: You have a pair of small horns on your head.
                  | [potion of mutation]
  6394 | Bailey   | Lost mutation: You are frail. (-10% HP) [potion of
                  | mutation]
  6394 | Bailey   | Lost mutation: You occasionally shout uncontrollably at
                  | your foes. [potion of mutation]
  6394 | Bailey   | Lost mutation: You are partially covered in slimy green
                  | scales. (AC +2) [potion of mutation]
  6394 | Bailey   | Gained mutation: You are somewhat resistant to further
                  | mutation. [potion of mutation]
  6397 | Bailey   | Lost mutation: Your body sometimes deteriorates upon taking
                  | damage. [potion of mutation]
  6397 | Bailey   | Lost mutation: You are agile. (Dex +2) [potion of mutation]
  6397 | Bailey   | Gained mutation: You are robust. (+10% HP) [potion of
                  | mutation]
  6501 | Bailey   | Reached *** piety under Makhleb
  6501 | Bailey   | Reached XP level 10. HP: 76/95 MP: 9/9
  6640 | Bailey   | Noticed an orc knight
  6692 | Bailey   | Killed an orc knight
  6827 | Bailey   | Got a slimy quarterstaff
  7383 | D:8      | Found Zonitsuk's General Store.
  7394 | D:8      | Bought a potion of heal wounds for 65 gold pieces
  7633 | D:7      | Identified the cursed +2 quarterstaff of Zymehung {vorpal,
                  | +Fly Int+3} (You found it in a bailey)
  7688 | D:8      | XOM: noise
  7785 | D:8      | XOM: noise
  7893 | D:8      | Found a staircase to the Lair.
  7933 | D:8      | Was forgiven by Xom
  8142 | D:8      | Found a hazy altar of Hepliaklqana.
  8774 | Lair:1   | Entered Level 1 of the Lair of Beasts
  8776 | Lair:1   | Noticed a spiny frog
  8787 | Lair:1   | Killed a spiny frog
  8889 | Lair:1   | Reached **** piety under Makhleb
  8986 | Lair:1   | Noticed a spiny frog
  9001 | Lair:1   | Killed a spiny frog
  9001 | Lair:1   | Reached XP level 11. HP: 85/102 MP: 5/11
  9391 | Lair:1   | Got a steaming silver ring
  9728 | Lair:1   | Noticed a five-headed hydra
  9750 | D:8      | Learned a level 4 spell: Summon Lightning Spire
 10139 | D:9      | Identified the ring "Diley" {rF+ rN+ Str+7 Dex-5 SInv} (You
                  | found it on level 1 of the Lair of Beasts)
 10297 | D:9      | Reached skill level 5 in Stealth
 10449 | D:9      | Found a sacrificial altar of Ru.
 10606 | D:10     | Entered Level 10 of the Dungeon
 10726 | D:10     | Found Lihouhir's Book Emporium.
 10730 | D:10     | Noticed an unseen horror
 10760 | D:10     | Reached ***** piety under Makhleb
 10760 | D:10     | Reached skill level 5 in Spellcasting
 10805 | D:10     | Reached skill level 5 in Ice Magic
 10888 | D:10     | Noticed a two-headed ogre
 11008 | D:10     | Reached skill level 1 in Throwing
 11012 | D:10     | Reached skill level 1 in Summonings
 11175 | D:10     | Killed a two-headed ogre
 11175 | D:10     | Reached skill level 1 in Air Magic
 11441 | D:10     | Killed an unseen horror
 11467 | D:10     | Bought a book of Necromancy for 390 gold pieces
 11471 | D:10     | Learned a level 3 spell: Vampiric Draining
 11552 | D:10     | Reached skill level 5 in Charms
 11707 | D:10     | Got a ripped robe
 11708 | D:10     | Identified the +1 robe of the Okapi {Regen+ Slay+2} (You
                  | found it on level 10 of the Dungeon)
 12000 | D:11     | Noticed an unseen horror
 12012 | D:11     | Killed an unseen horror
 12012 | D:11     | Reached skill level 1 in Necromancy
 12033 | D:11     | Identified the cursed +0 great sword "Samn" {freeze, *Rage
                  | Dex+6}
 12035 | D:11     | Noticed a two-headed ogre
 12040 | D:11     | Reached XP level 12. HP: 51/112 MP: 12/14
 12049 | D:11     | Reached skill level 5 in Fighting
 12142 | D:11     | Noticed a two-headed ogre
 12155 | D:11     | Killed a two-headed ogre
 12207 | D:11     | Noticed a two-headed ogre
 12217 | D:11     | Killed a two-headed ogre
 12391 | D:11     | Found a glowing golden altar of the Shining One.
 12429 | D:11     | Noticed Snorg
 12852 | D:11     | Noticed a two-headed ogre
 12865 | D:11     | Killed a two-headed ogre
 12954 | D:11     | Noticed a two-headed ogre
 12964 | D:11     | Killed a two-headed ogre
 13199 | D:11     | Found a roughly hewn altar of Beogh.
 13199 | D:11     | Found a staircase to the Orcish Mines.
 13258 | D:11     | Killed a two-headed ogre
 13716 | D:11     | Killed Snorg
 13716 | D:11     | Reached skill level 5 in Necromancy
 13843 | Orc:1    | Entered Level 1 of the Orcish Mines
 13843 | Orc:1    | Found Cedidoer's Gadget Boutique.
 14379 | D:8      | Bought an uncursed ring of magical power for 260 gold
                  | pieces
 14575 | Orc:2    | Entered Level 2 of the Orcish Mines
 14611 | Orc:1    | Reached ****** piety under Makhleb
 14660 | Orc:2    | Noticed an orc warlord
 14751 | Orc:2    | HP: 1/113 [orc warrior/+0 hand axe[an orc warlord] (5)]
 14879 | D:12     | Found Vimoihoff's Jewellery Emporium.
 14996 | D:12     | Found a sacrificial altar of Ru.
 15054 | D:12     | HP: 3/113 [slime creature (9)]
 15060 | D:12     | Reached XP level 13. HP: 46/119 MP: 3/17
 15162 | D:12     | Learned a level 3 spell: Mephitic Cloud
 15165 | D:12     | Learned a level 2 spell: Poisonous Vapours
 15698 | D:13     | Paralysed by a hornet for 2 turns
 15803 | D:13     | HP: 2/119 [drowned by a water elemental (4)]
 15804 | D:13     | Mangled by a water elemental

Illustrated notes

Levels and vault maps discovered:
D:1:      wheals_arrival_shading, layout_basic, minmay_gold_behind_fungi,
          minmay_pentomino_u4
D:2:      layout_loops_cross, eat_drink_and_be_merry_uskayaw,
          chequers_temple_overflow_minitemple, uniq_robin
D:3:      layout_basic, lemuel_doored_altar, nicolae_tso_carved_into_rock,
          chequers_ecumenical_altar_simple_redux
D:4:      layout_cave_pools, gammafunk_temple_overflow_pools,
          serial_column_ruins, column_ruins_hut, column_ruins_corridor_straight,
          column_ruins_columns_straight, column_ruins_columns_dead_end,
          column_ruins_grid_1, column_ruins_open_small,
          column_ruins_columns_dead_end, first_ration, minmay_misc_feat_tower,
          minmay_puff, uniq_duvessa
D:5:      layout_cave_pools, nemelex_xobeh_ov_fountains_minmay, uniq_ijyb
D:6:      layout_rooms, minmay_temple_entry_arrows, portal_sewer_entry_e,
          serial_shops, shop, uniq_menkaure
D:7:      layout_basic, the_bakery, minmay_fountain_box, uniq_pikel
D:8:      layout_basic, nicolae_overflow_crystal_walls, slow_altar_1,
          ashenzari_conservatory_becter, erik_lair_orcish_takeover,
          serial_shops, shop, enter_bailey_1
D:9:      layout_roguey, lemuel_coloured_pillars_altar
D:10:     layout_long_grid, serial_shops, shop
D:11:     layout_loops_ring, david_orc_5, basic_altar, uniq_snorg
D:12:     layout_basic, serial_shops, nicolae_shop_crystal,
          chequers_serial_rivers_micro_d, eino_small_chamber_without_monster,
          hangedman_abyss_or_decor_lesser_grid, nicolae_ru_awakened_eye
D:13:     layout_basic
Temple:   compressed_dpeg_triangle_lava_temple
Lair:1:   layout_hall_layers, hibernation_bobbens, grunt_megastairs_3
Orc:1:    layout_caves, serial_shops, nicolae_shop_statue_plus, uniq_maurice
Orc:2:    st_orc_town, layout_caves, basic_altar, nicolae_orc_rich_vein

Skill      XL: |  1  2  3  4  5  6  7  8  9 10 11 12 13 |
---------------+----------------------------------------+-----
Axes           | 4 5 6 |  6.8
Fighting       | 3 4 5 |  5.3
Dodging        | 2 3 4 5 6 |  6.4
Short Blades   | 1 2 4 6 7 |  7.9
Shields        | 1 2 3 4 5 7 |  7.8
Armour         | 3 4 5 |  5.2
Stealth        | 1 2 3 4 5 6 |  6.3
Maces & Flails | 1 2 3 |  3.1
Charms         | 2 3 5 |  5.4
Ice Magic      | 2 4 5 7 |  7.3
Spellcasting   | 2 4 5 7 |  7.8
Throwing       | 1 2 |  2.1
Summonings     | 1 2 |  2.5
Air Magic      | 1 |  1.6
Necromancy     | 1 5 6 |  6.0
Conjurations   | |  0.5
Poison Magic   | |  0.2
Invocations    | |  0.1
Evocations     | |  0.6

Action                   |  1- 3 |  4- 6 |  7- 9 | 10-12 | 13-15 || total
-------------------------+-------+-------+-------+-------+-------++-------
Melee: Hand axe          |    66 |    41 |     3 |    87 |     9 ||   206
       Short sword       |    22 |   100 |   358 |   477 |    15 ||   972
       Mace              |       |     6 |    29 |   192 |    25 ||   252
       Headbutt          |       |     2 |    85 |       |       ||    87
       War axe           |       |       |    10 |       |       ||    10
       Scimitar          |       |       |       |       |     6 ||     6
       Long sword        |       |       |       |       |     1 ||     1
Throw: Dart              |       |       |    12 |    73 |     1 ||    86
       Javelin           |       |       |       |     4 |       ||     4
 Cast: Frozen Ramparts   |       |       |       |    71 |     4 ||    75
       Ozocubu's Armour  |       |       |       |    58 |     7 ||    65
       Vampiric Draining |       |       |       |    64 |     7 ||    71
       Poisonous Vapours |       |       |       |       |     4 ||     4
       Mephitic Cloud    |       |       |       |       |     1 ||     1
Invok: Minor Destruction |       |       |       |     1 |       ||     1
 Abil: Heal Wounds       |       |     4 |     7 |    15 |     1 ||    27
Evoke: Wand              |       |       |     4 |       |       ||     4
  Use: Scroll            |       |       |    18 |    12 |       ||    30
       Potion            |       |       |     7 |     3 |     1 ||    11
 Stab: Paralysed         |     1 |     5 |     3 |       |       ||     9
       Distracted        |       |     1 |     2 |     2 |       ||     5
       Sleeping          |       |       |    11 |    17 |     2 ||    30
  Eat: Chunk             |       |     1 |    18 |    36 |     3 ||    58
       Ration            |       |       |       |     3 |       ||     3
Armor: Leather armour    |    45 |    35 |    54 |   140 |       ||   274
       Ring mail         |       |       |    40 |    33 |       ||    73
       Skin              |       |       |       |    24 |       ||    24
       Troll leather arm |       |       |       |    30 |    13 ||    43
Dodge: Dodged            |    78 |   118 |   243 |   423 |    24 ||   886
Block: Buckler           |     1 |    44 |   101 |   238 |    10 ||   394
       Rpst.: Scimitar   |       |       |       |       |     2 ||     2
       Long sword        |       |       |       |       |     1 ||     1
